 Dungeon Crawl Stone Soup version bcrawl-1.31 (webtiles) character file.

Game seed: 11103708863647424323

255283 AtilaTheSponge the Quickloader (level 10, -2/69 HPs)
             Began as a Kobold Hunter on Mar 24, 2021.
             Was a Follower of Dithmenos.
             Slain by an orc warrior
             ... wielding a +0 mace
              (16 damage)
             ... on level 7 of the Dungeon.
             The game lasted 00:52:37 (7598 turns).

AtilaTheSponge the Quickloader (Kobold Hunter)      Turns: 7598, Time: 00:52:37

Health: -2/69      AC: 12    Str: 10    XL:     10   Next: 9%
Magic:  10/10      EV: 17    Int: 13    God:    Dithmenos [*.....]
Gold:   401        SH:  0    Dex: 18    Spells: 9/9 levels left

rFire    + . .     SeeInvis .   B - +0 shortbow
rCold    x . .     Gourm    .   (shield currently unavailable)
rNeg     . . .     Faith    .   r - +3 robe "Gimubum" {rElec rF+ rC- MR+}
rPois    .         Spirit   .   T - +0 helmet (curse)
rElec    +         Reflect  .   p - +2 cloak {+Inv}
rCorr    +         Harm     .   (no gloves)
MR       ++...                  A - +2 pair of boots
Stlth    +++.......             (no amulet)
HPRegen  0.21/turn              f - ring of protection from magic
MPRegen  0.12/turn              l - ring of resist corrosion

@: wreathed by umbra
A: small, talons 1, carnivore, mutation resistance 1, sense surroundings 2
a: Renounce Religion, Evoke Invisibility


You were on level 7 of the Dungeon.
You worshipped Dithmenos.
Dithmenos was aware of your devotion.
You were very full.

You visited 1 branch of the dungeon, and saw 7 of its levels.

You collected 440 gold pieces.
You spent 39 gold pieces at shops.

Inventory:

Hand Weapons
 a - a +1 hand crossbow
 s - a +1 whip of electrocution
 B - a +0 shortbow (weapon)
 J - a +0 dagger of venom
 K - a +0 hunting sling
 N - a +0 rapier
 P - a +3 quarterstaff of chaos
Missiles
 h - 1551 stones
 j - 1047 arrows (quivered)
 k - 189 bolts
 q - 992 sling bullets
 E - 70 poisoned tomahawks
 Z - 50 curare-tipped needles
Armour
 o - a scarf of clouds
 p - a +2 cloak of invisibility (worn)
 r - the +3 robe "Gimubum" (worn) {rElec rF+ rC- MR+}
   (You found it on level 5 of the Dungeon)

   It protects you from fire.
   It makes you vulnerable to cold.
   It insulates you from electricity.
   It affects your resistance to hostile enchantments.
 A - a +2 pair of boots (worn)
 D - a +1 helmet
 F - a +2 robe of positive energy
 G - a +3 plate armour
 T - a cursed +0 helmet (worn)
Magical Staves
 b - an uncursed staff of cold {unknown}
Jewellery
 c - an uncursed ring of ice
 f - a ring of protection from magic (left hand)
 l - a ring of resist corrosion (right hand)
 m - an uncursed ring of protection from cold
 w - an uncursed ring of positive energy
Wands
 g - a wand of polymorph (9)
Scrolls
 i - a scroll of identify
 z - a scroll of enchant weapon
 C - 5 scrolls of teleportation
 U - a scroll of amnesia
 W - 3 scrolls of blinking
Potions
 d - a potion of resistance {unknown}
 n - 2 potions of haste
 I - 2 potions of curing
 M - a potion of flight
Comestibles
 e - 8 rations {!d}


   Skills:
 + Level 6.7 Fighting
 + Level 7.4 Bows
 + Level 10.5 Crossbows
 + Level 0.6 Throwing
 + Level 2.9 Armour
 + Level 4.0 Dodging
 + Level 3.9 Stealth


You had 9 spell levels left.
You didn't know any spells.
Your spell library was empty.

Dungeon Overview and Level Annotations

Branches:
Dungeon (7/12)             Temple (0/1) D:7
   Lair: D:7-9

Altars:
Dithmenos
Fedhas
Lugonu
Vehumet

Shops:
D:5 *


Innate Abilities, Weirdness & Mutations

You are small and have problems with some larger weapons.
You have sharp toenails.
You are carnivorous and can eat meat at any time.
You are somewhat resistant to further mutation.
You passively map the area around you.


Message History

The orc warrior hits you with a +0 mace!
Firing (i - inventory. (/) - cycle)
j - 1049 arrows (quivered)
Press: ? - help, Shift-Dir - straight line, f/p - orc warrior
Aim: an orc warrior, wielding a +0 mace and wearing a +0 plate armour (moderately wounded, umbra)
You shoot an arrow. The arrow hits the orc warrior.
The orc warrior is heavily wounded.
The orc warrior hits you with a +0 mace.
Firing (i - inventory. (/) - cycle)
j - 1048 arrows (quivered)
Press: ? - help, Shift-Dir - straight line, f/p - orc warrior
Aim: an orc warrior, wielding a +0 mace and wearing a +0 plate armour (heavily wounded, umbra)
You shoot an arrow.
The arrow barely misses the orc warrior.
The arrow closely misses the orc priest.
The arrow hits the orc priest.
The orc priest is severely wounded.
The orc priest mumbles some strange prayers to Beogh against you.
Beogh smites you!
* * * LOW HITPOINT WARNING * * *
The orc warrior hits you with a +0 mace!
You die...

.#...........#..# ..# ,
....#.##.#.#p#..# #.. * , ,
.##.#....#.#....# *#..# ,
................# ...# * ,
...###########..# ##..#
##.### ###.## #.≈# ###
##..#######...## ##..##...#
##.........<...###..#.....#
#..#####.......@ooo.......#
##..# ##...#######.......#*
* #..## ##### #.......# ,
#.## #........ ..#
#.......# * [## #.......#
.# #....>..# * ## #.......#
# #.......#


You could see an orc warrior and 2 orc priests.

Vanquished Creatures
  Pikel (D:7)
  Grinder (D:3)
  A steam dragon (D:6)
  A porcupine (D:7)
  3 phantoms
  A sky beast (D:7)
  2 ice beasts (D:6)
  An ogre (D:4)
  5 centaurs
  A bullfrog (D:6)
  A big kobold (D:6)
  3 howler monkeys (D:7)
  2 centaur zombies
  4 crimson imps
  2 hounds
  Crazy Yiuf (D:5)
  An orc priest (D:3)
  4 orc wizards
  A bullfrog skeleton (D:6)
  Ijyb (D:3)
  3 iguanas (D:6)
  2 worker ants (D:5)
  A killer bee zombie (D:5)
  A hound zombie (D:6)
  A hound skeleton (D:5)
  A worker ant zombie (D:5)
  A gnoll (D:4)
  4 adders (D:5)
  A howler monkey skeleton (D:6)
  A shadow imp (D:5)
  2 oozes
  An adder skeleton (D:4)
  An adder zombie (D:6)
  2 worms (D:2)
  A dart slug (D:4)
  5 leopard geckos
  8 orcs
  2 giant cockroaches (D:2)
  5 goblins
  4 hobgoblins
  A quokka (D:1)
  6 bats
  6 frilled lizards
  A jackal zombie (D:6)
  10 kobolds
  4 rats
  2 fungi (D:5)
114 creatures vanquished.

Vanquished Creatures (others)
  A hippogriff (D:7)
  2 bushes (D:7)
  2 fungi (D:7)
  8 plants (D:7)
13 creatures vanquished.

Grand Total: 127 creatures vanquished

Notes
Turn   | Place    | Note
-------+----------+-------------------------------------------
     0 | D:1      | AtilaTheSponge the Kobold Hunter began the quest for the
                  | Orb.
     0 | D:1      | Reached XP level 1. HP: 14/14 MP: 1/1
   142 | D:1      | Reached skill level 5 in Crossbows
   285 | D:1      | Reached XP level 2. HP: 12/19 MP: 2/2
   875 | D:2      | Reached XP level 3. HP: 25/25 MP: 3/3
  1425 | D:2      | Reached skill level 6 in Crossbows
  1425 | D:2      | Reached XP level 4. HP: 13/30 MP: 4/4
  2154 | D:3      | Noticed Ijyb
  2164 | D:3      | Killed Ijyb
  2165 | D:3      | Reached skill level 1 in Armour
  2165 | D:3      | Reached XP level 5. HP: 22/35 MP: 5/5
  2332 | D:3      | Reached skill level 7 in Crossbows
  2442 | D:3      | Found a shadowy altar of Dithmenos.
  2444 | D:3      | Found a radiant altar of Vehumet.
  2449 | D:3      | Found a corrupted altar of Lugonu.
  2449 | D:3      | Found a blossoming altar of Fedhas.
  2539 | D:3      | Became a worshipper of Dithmenos the Shadowed
  2596 | D:3      | Noticed Grinder
  2600 | D:3      | Paralysed by Grinder for 2 turns
  2608 | D:3      | Killed Grinder
  2609 | D:3      | Reached skill level 8 in Crossbows
  2609 | D:3      | Reached XP level 6. HP: 4/42 MP: 6/6
  2609 | D:3      | Reached XP level 7. HP: 4/46 MP: 7/7
  4009 | D:5      | Entered Level 5 of the Dungeon
  4120 | D:5      | Got a bloodstained robe
  4130 | D:5      | Reached skill level 9 in Crossbows
  4165 | D:5      | Identified the +3 robe "Gimubum" {rElec rF+ rC- MR+} (You
                  | found it on level 5 of the Dungeon)
  4197 | D:5      | Found Damenena's General Store.
  4221 | D:5      | Reached XP level 8. HP: 53/54 MP: 8/8
  4522 | D:5      | Reached * piety under Dithmenos
  4832 | D:5      | Reached skill level 10 in Crossbows
  5456 | D:5      | Bought a scroll of remove curse for 39 gold pieces
  5517 | D:5      | Found a runed door.
  5522 | D:5      | Noticed Crazy Yiuf
  5526 | D:5      | Killed Crazy Yiuf
  5624 | D:6      | Reached skill level 5 in Fighting
  5886 | D:6      | Reached skill level 1 in Bows
  6054 | D:6      | Reached XP level 9. HP: 61/61 MP: 9/9
  7013 | D:6      | Reached skill level 5 in Bows
  7177 | D:7      | Found a staircase to the Ecumenical Temple.
  7393 | D:7      | Noticed Pikel
  7420 | D:7      | Killed Pikel
  7431 | D:7      | Noticed a hippogriff
  7449 | D:7      | Killed a hippogriff
  7450 | D:7      | Reached XP level 10. HP: 66/69 MP: 10/10
  7598 | D:7      | Slain by an orc warrior

Skill      XL: |  1  2  3  4  5  6  7  8  9 |
---------------+----------------------------+-----
Crossbows      | 5 6 8 9 10 | 10.5
Armour         | 1 2 |  2.9
Stealth        | 2 3 |  3.9
Fighting       | 3 4 5 6 |  6.7
Dodging        | 3 4 |  4.0
Bows           | 1 7 |  7.4
Throwing       | |  0.6

Action                   |  1- 3 |  4- 6 |  7- 9 | 10-12 || total
-------------------------+-------+-------+-------+-------++-------
Melee: Whip              |       |       |    40 |       ||    40
       Shortbow          |       |       |       |     1 ||     1
 Fire: Hand crossbow     |    49 |    57 |   152 |       ||   258
       Shortbow          |       |       |   263 |    39 ||   302
Throw: Stone             |       |       |    12 |       ||    12
  Use: Scroll            |     3 |     1 |     9 |       ||    13
       Potion            |     1 |       |     3 |       ||     4
  Eat: Chunk             |    10 |     6 |    28 |       ||    44
Armor: Leather armour    |       |     1 |     1 |       ||     2
       Robe              |       |       |    60 |    14 ||    74
Dodge: Dodged            |     4 |    13 |   187 |    13 ||   217
